 Dungeon Crawl Stone Soup version 0.28.0-47-ge53b351184 (webtiles) character file.

Game seed: 15873616179645217258

4132 pkoi the Destroyer (level 9, 0/74 HPs)
             Began as a Demigod Conjurer on May 8, 2022.
             Slain by a spectral orc warrior
             ... wielding a +0 short sword
             ... summoned by Nergalle
              (4 damage)
             ... on level 10 of the Dungeon.
             The game lasted 00:14:21 (14909 turns).

pkoi the Destroyer (Demigod Conjurer)              Turns: 14909, Time: 00:14:22

Health: 0/74       AC:  2    Str:  8    XL:     9   Next: 79%
Magic:  2/16       EV: 14    Int: 35    God:
Gold:   530        SH:  0    Dex: 14    Spells: 3/14 levels left

rFire   . . .      SeeInvis .   i - staff of conjuration
rCold   . . .      Faith    .   (no shield)
rNeg    . . .      Spirit   .   a - +0 robe
rPois   +          Reflect  .   (no helmet)
rElec   .          Harm     .   (no cloak)
rCorr   .          Rampage  .   (no gloves)
Will    .....                   (no boots)
Stlth   ++........              (no amulet)
HPRegen 0.22/turn               p - ring of poison resistance
MPRegen 0.15/turn               s - ring of the Slashing Hero {Fly Int+3 Dex+2}

@: flying
A: high MP 1, forlorn, divine attributes
a: no special abilities


You were on level 10 of the Dungeon.
You visited 1 branch of the dungeon, and saw 10 of its levels.

You collected 530 gold pieces.

Inventory:

Hand Weapons
 c - a +0 club
 d - a +0 vampiric dagger
 j - a +1 dagger of venom
 l - the +6 hand axe of Callousness {vorpal, rElec Str+5}
   (You found it on level 4 of the Dungeon)

   It inflicts extra damage upon your enemies.
   Str:       It affects your strength (+5).
   rElec:     It insulates you from electricity.
 v - the +7 mace "Cytieg" {vamp, rElec rN+++ Will+ Int-5}
   (You found it on level 10 of the Dungeon)

   It occasionally heals its wielder for a portion of the damage dealt when it
   wounds a living foe.
   Int:       It affects your intelligence (-5).
   rElec:     It insulates you from electricity.
   rN:        It renders you almost immune to negative energy.
   Will:      It increases your willpower.
Armour
 a - a +0 robe (worn)
 h - a +0 leather armour of poison resistance
Magical Staves
 i - a staff of conjuration (weapon)
Jewellery
 p - a ring of poison resistance (left hand)
 s - the ring of the Slashing Hero (right hand) {Fly Int+3 Dex+2}
   (You found it on level 8 of the Dungeon)

   [ring of flight]

   Int:       It affects your intelligence (+3).
   Dex:       It affects your dexterity (+2).
   Fly:       It grants you flight.
Wands
 r - a wand of iceblast (10)
Scrolls
 e - a scroll of silence
 g - a scroll of noise
 m - a scroll of fog
 o - 2 scrolls of teleportation
 u - a scroll of identify
Potions
 b - 2 potions of flight
 f - 4 potions of curing {unknown}
 k - 2 potions of mutation {unknown}
 n - a potion of attraction {unknown}
 q - 2 potions of heal wounds {unknown}


   Skills:
 + Level 5.1 Fighting
 + Level 5.2 Armour
 + Level 5.4 Dodging
 - Level 1.7 Stealth
 - Level 3.0 Spellcasting
 * Level 9.4 Conjurations
 + Level 5.1 Hexes
 + Level 5.3 Translocations


You had 3 spell levels left.
You knew the following spells:

 Your Spells              Type           Power      Damage    Failure   Level
a - Magic Dart            Conj           100%       1d8       1%          1
b - Searing Ray           Conj           100%       2d8       1%          2
c - Iskenderun's Mystic   Conj/Tloc      71%        2d14      2%          4
d - Fulminant Prism       Conj/Hex       35%        3d18      2%          4

Your spell library contained the following spells:

 Spells                   Type           Power      Damage    Failure   Level
 Dazzling Flash           Conj/Hex       100%       N/A       1%          3


Dungeon Overview and Level Annotations

Branches:
Dungeon (10/15)            Temple (0/1) D:7
   Lair: D:8-11         Orc: D:9-12

Shops:
D:7 *

Annotations:
D:7 exclusion: boulder beetle
D:10 Nergalle


Innate Abilities, Weirdness & Mutations

You have an increased reservoir of magic. (+10% MP)
You shall have no god before yourself.
Your divine heritage dramatically boosts your attributes as you level up.


Message History

Your fulminant prism crackles loudly.
Casting: Fulminant Prism (dangerous; 2% risk of failure)
Confirm with . or Enter, or press ? or * to list all spells.
You feel a surge of power!
You erupt in a blast of force!
The mystic blast hits the meliai zombie!
The meliai zombie is moderately damaged.
The meliai zombie is knocked back by the mystic blast.
Your fulminant prism explodes!
The blast of energy engulfs the meliai zombie!!
The meliai zombie is almost destroyed.
Casting: Iskenderun's Mystic Blast (dangerous; 2% risk of failure)
Confirm with . or Enter, or press ? or * to list all spells.
Aiming: Fulminant Prism (dangerous; 2% risk of failure)
Press: ? - help, Dir - move target You feel a surge of power!
You conjure a prism of explosive energy!
A fulminant prism comes into view.
Nergalle the Soulbinder comes into view.
She is wielding a +2 vampiric dagger.
Aiming: Magic Dart (safe; 1% risk of failure)
Press: ? - help, Q - select action, (/) - cycle Shift-Dir - straight line, f - meliai zombie
Aim: a meliai zombie (almost destroyed, ally target, 100% to hit)
You feel a surge of power!
The magic dart hits the meliai zombie.
The meliai zombie is almost destroyed.
The meliai zombie hits you.
* * * LOW HITPOINT WARNING * * *
The meliai zombie barely misses you.
Your fulminant prism crackles loudly.
The meliai zombie closely misses you. The meliai zombie hits you.
* * * LOW HITPOINT WARNING * * *
Your fulminant prism explodes!
The blast of energy engulfs the meliai zombie!!
You destroy the meliai zombie!
Unknown command.
There is an open door here.
You reach down and close the door.
Something unseen opens the door.
Nergalle casts a spell at you.
Orcish apparitions take form around you.
The spectral orc warrior hits you with a +0 short sword.
You die...

##..#
#.....#...#.....
.....#...#....#
#....#...#....#
#....#..=#....#
#....##..#...(+
#....##..#....#
#.....#.@#....#
#.....#Z.#....#
#.....#Z.#o.<.#
#.....'Z.#....#
#.....#..#....#
#....##..#....#
#....##.o#....#
#....#...'....#
+....+...#....#


You could see Nergalle and 3 spectral orc warriors.

Vanquished Creatures
  Grinder (D:5)
  A meliai zombie (D:10)
  Sigmund (D:5)
  A wyvern (D:7)
  A steam dragon (D:8)
  2 water moccasins
  An orc warrior (D:7)
  An ice beast (D:7)
  A black bear (D:5)
  2 ogres (D:5)
  2 centaurs
  2 phantoms
  A bullfrog (D:6)
  A scorpion (D:4)
  A wyvern skeleton (D:5)
  A water moccasin skeleton (D:6)
  3 killer bees (D:4)
  6 howler monkeys
  10 wights (D:6)
  2 centaur zombies
  A bullfrog zombie (D:5)
  4 jellies
  An orc priest (D:7)
  3 hounds
  2 centaur skeletons
  2 bullfrog skeletons (D:6)
  2 gnoll shamans
  Jessica (D:2)
  4 iguanas
  Ijyb (D:3)
  6 orc wizards
  A killer bee zombie (D:8)
  Robin (D:4)
  5 adders
  9 gnolls
  A howler monkey skeleton (D:4)
  An ufetubus (D:6)
  18 orcs
  6 ball pythons
  2 bats (D:1)
  6 endoplasms
  2 giant cockroaches
  23 goblins
  9 hobgoblins
  3 jackals (D:3)
  11 kobolds
  A quokka (D:2)
  8 frilled lizards
  4 rats
179 creatures vanquished.

Vanquished Creatures (others)
  22 fulminant prisms
22 creatures vanquished.

Grand Total: 201 creatures vanquished

Notes
Turn   | Place    | Note
-------+----------+-------------------------------------------
     0 | D:1      | pkoi the Demigod Conjurer began the quest for the Orb.
     0 | D:1      | Reached XP level 1. HP: 14/14 MP: 5/5
   359 | D:1      | Reached skill level 4 in Conjurations
   621 | D:1      | Reached XP level 2. HP: 20/20 MP: 4/7
  1766 | D:2      | Noticed Jessica
  1768 | D:2      | Killed Jessica
  1769 | D:2      | Reached skill level 5 in Conjurations
  1769 | D:2      | Reached XP level 3. HP: 26/26 MP: 5/8
  2587 | D:2      | Learned a level 2 spell: Searing Ray
  2826 | D:3      | Reached XP level 4. HP: 33/33 MP: 7/9
  3974 | D:3      | Noticed Ijyb
  4056 | D:3      | Killed Ijyb
  4620 | D:4      | Reached XP level 5. HP: 39/39 MP: 3/10
  4697 | D:4      | Reached skill level 1 in Hexes
  4697 | D:4      | Reached skill level 1 in Translocations
  4986 | D:4      | Learned a level 4 spell: Fulminant Prism
  4992 | D:4      | Reached skill level 1 in Armour
  5148 | D:4      | Reached skill level 1 in Fighting
  5397 | D:4      | Reached skill level 8 in Conjurations
  5397 | D:4      | Reached XP level 6. HP: 52/52 MP: 12/12
  5698 | D:4      | Reached XP level 7. HP: 36/59 MP: 5/13
  5928 | D:4      | Noticed Robin
  5931 | D:4      | Killed Robin
  6597 | D:4      | Identified the +6 hand axe of Callousness {vorpal, rElec
                  | Str+5}
  6619 | D:5      | Entered Level 5 of the Dungeon
  7441 | D:5      | Reached XP level 8. HP: 31/66 MP: 4/15
  7985 | D:5      | Learned a level 4 spell: Iskenderun's Mystic Blast
  8308 | D:5      | Noticed Sigmund
  8322 | D:5      | Killed Sigmund
  9967 | D:6      | Noticed Grinder
  9981 | D:6      | Paralysed by Grinder for 6 turns
 10338 | D:5      | Killed Grinder
 10726 | D:6      | Reached skill level 5 in Dodging
 10912 | D:6      | Reached XP level 9. HP: 57/72 MP: 11/16
 11101 | D:6      | Reached skill level 9 in Conjurations
 11691 | D:6      | Reached skill level 5 in Translocations
 12300 | D:7      | Identified the +2 dagger of Baer {holy, rN++ Will- Str+4}
 12411 | D:7      | Reached skill level 5 in Armour
 12554 | D:7      | Found a staircase to the Ecumenical Temple.
 12635 | D:7      | Noticed a boulder beetle
 13319 | D:7      | Found Ketyrch's Elemental Accessories.
 13662 | D:7      | Reached skill level 5 in Hexes
 14222 | D:8      | Identified the ring of the Slashing Hero {Fly Int+3 Dex+2}
 14242 | D:8      | Reached skill level 5 in Fighting
 14856 | D:8      | You are sucked into a shaft and drop 2 floors!
 14856 | D:10     | Entered Level 10 of the Dungeon
 14858 | D:10     | Identified the +7 mace "Cytieg" {vamp, rElec rN+++ Will+
                  | Int-5}
 14884 | D:9      | Noticed a cyclops
 14884 | D:9      | Noticed a centaur warrior
 14888 | D:9      | Noticed a centaur warrior
 14888 | D:9      | Noticed a deep elf pyromancer
 14894 | D:10     | Noticed Nergalle
 14896 | D:10     | HP: 2/74 [meliai zombie (3)]
 14909 | D:10     | Slain by a spectral orc warrior

Illustrated notes

Levels and vault maps discovered:
D:1:      co_arrival_square_in_a_square_in_a_square, layout_basic,
          minmay_misc_feat_rows
D:2:      layout_basic, nicolae_concentric_dashed_squares_wild,
          minmay_mini_jars, uniq_jessica
D:3:      kennysheep_goblin_castle, layout_basic, grunt_qazlal_clouds,
          grunt_temple_overflow_cloverleaf, minivault_19
D:4:      layout_cave_pools, elyvilon_altar_5, chequers_arboretum, uniq_robin
D:5:      layout_loops_ring, nicolae_overflow_hidden_temple,
          beargit_hepliaklqana_dungeon_heroes
D:6:      layout_rooms, grunt_ministairs_2, minmay_misc_feat_four_crosses,
          uniq_grinder
D:7:      layout_loops_corners, temple_statues, nicolae_elemental_shop,
          lightli_minifort
D:8:      layout_cave_pools
D:9:      layout_rooms, nicolae_dithmenos_through_a_glass_darkly,
          david_lair_shrubbed, minivault_28
D:10:     layout_gridville, st_stairs_12, guppyfry_shop_venom, uniq_nergalle,
          uniq_erolcha

Skill      XL: |  1  2  3  4  5  6  7  8  9 |
---------------+----------------------------+-----
Conjurations   | 4 5 8 9 |  9.4
Spellcasting   | 2 3 |  3.0
Dodging        | 4 5 |  5.4
Hexes          | 4 5 |  5.1
Translocations | 4 5 |  5.3
Armour         | 4 5 |  5.2
Fighting       | 4 5 |  5.1
Stealth        | |  1.7

Action                   |  1- 3 |  4- 6 |  7- 9 || total
-------------------------+-------+-------+-------++-------
Melee: Club              |     5 |       |       ||     5
       Staff             |       |       |     2 ||     2
       Hand axe          |       |       |     3 ||     3
 Cast: Magic Dart        |    75 |    82 |   212 ||   369
       Searing Ray       |       |     3 |     9 ||    12
       Fulminant Prism   |       |       |    22 ||    22
       Iskenderun's Myst |       |       |    20 ||    20
  Use: Scroll            |     1 |     9 |     3 ||    13
       Potion            |       |     1 |       ||     1
Armor: Robe              |     2 |     2 |    18 ||    22
Dodge: Dodged            |     9 |    14 |    68 ||    91
